Map: Ruins of Endion

Players

Fropez - Winner!

  • Race: Protoss Protoss
  • League: Silver
  • Spawn Location: 5:00

Fire

  • Race: Protoss Protoss
  • League: Silver
  • Spawn Location: 7:00

VOD

Have the link to the VOD?

Description

Time

  • Played on: June 15, 2016, 2:52 p.m.
  • Length: 10:22
Show
View Real Time Build Order
Export as new Build Order

Fropez Protoss - Winner!

Build Orders: Mass Adepts 

Get SALT Encoding   

  12  0:02  Probe (Chrono Boost)  
  13  0:15  Pylon  
  13  0:19  Probe (Chrono Boost)  
  14  0:30  Probe (Chrono Boost)  
  15  0:36  Gateway  
  15  0:40  Probe (Chrono Boost)  
  16  0:51  Probe (Chrono Boost), Assimilator  
  17  1:01  Probe (Chrono Boost)  
  18  1:09  Pylon  
  18  1:11  Pylon  
  18  1:12  Probe (Chrono Boost)  
  19  1:30  Cybernetics Core  
  19  1:32  Probe (Chrono Boost)  
  22  1:45  Gateway  
  22  1:50  Probe (Chrono Boost)  
  23  2:01  Probe (Chrono Boost)  
  22  2:07  Warp Gate (Chrono Boost)  
  22  2:12  Probe (Chrono Boost)  
  23  2:16  Gateway  
  23  2:18  Assimilator  
  23  2:20  Adept  
  25  2:27  Probe  
  26  2:33  Pylon  
  26  2:39  Probe  
  26  2:41  Adept  
  29  2:47  Adept  
  31  2:51  Probe  
  32  3:03  Adept  
  32  3:04  Probe  
  35  3:08  Adept  
  37  3:22  Probe  
  38  3:27  Adept  
  39  4:04  Twilight Council  
  39  4:06  Adept  
  39  4:07  Adept x2, Forge  
  45  4:22  Nexus  
  43  4:53  Adept x2  
  43  4:59  Protoss Ground Weapons Level 1  
  47  5:00  Resonating Glaives (Chrono Boost), Pylon  
  47  5:03  Pylon  
  47  5:10  Probe  
  44  5:28  Adept x3  
  50  5:30  Probe  
  49  5:42  Probe  
  48  5:44  Gateway  
  48  5:49  Probe  
  48  5:51  Pylon  
  47  6:01  Adept x2  
  47  6:02  Adept  
  51  6:05  Assimilator  
  51  6:09  Assimilator  
  51  6:11  Probe, Stargate  
  51  6:13  Pylon  
  50  6:19  Pylon  
  50  6:27  Adept x3  
  54  6:37  Probe x2  
  56  6:42  Adept  
  58  6:51  Gateway  
  58  6:53  Protoss Ground Weapons Level 2  
  58  6:55  Phoenix  
  60  7:01  Adept  
  60  7:05  Adept  
  64  7:10  Adept  
  54  8:08  Adept  
  54  8:09  Adept x2  
  54  8:10  Adept  
  60  8:13  Phoenix  
  60  8:19  Probe  
  58  8:20  Probe  
  58  8:26  Stargate  
  54  8:38  Phoenix  
  52  8:42  Probe  
  52  8:43  Probe  
  54  8:56  Mothership Core  
  54  9:03  Phoenix, Nexus  
  54  9:06  Assimilator  
  54  9:09  Assimilator  
  56  9:10  Phoenix  
  58  9:18  Adept  
  58  9:19  Adept x3  
  66  9:36  Probe  
  66  9:38  Pylon, Robotics Facility  
  67  9:40  Phoenix  
Show
View Real Time Build Order
Export as new Build Order

Fire Protoss 

Build Orders: 1 Gate Expand 

Get SALT Encoding   

  12  0:02  Probe (Chrono Boost)  
  13  0:12  Probe (Chrono Boost)  
  14  0:22  Pylon  
  14  0:25  Probe (Chrono Boost)  
  15  0:40  Probe (Chrono Boost)  
  16  0:46  Gateway  
  16  0:50  Probe (Chrono Boost)  
  17  1:01  Probe (Chrono Boost)  
  18  1:18  Nexus  
  18  1:29  Pylon  
  18  1:40  Probe (Chrono Boost)  
  19  1:49  Cybernetics Core  
  19  1:51  Probe (Chrono Boost)  
  20  1:58  Assimilator  
  20  2:01  Probe (Chrono Boost)  
  20  2:03  Zealot  
  20  2:04  Assimilator  
  23  2:27  Pylon  
  23  2:30  Pylon, Probe x2 (Chrono Boost)  
  25  2:41  Probe x2 (Chrono Boost)  
  27  2:47  Adept  
  31  2:51  Probe x2 (Chrono Boost)  
  31  2:56  Forge  
  31  3:02  Probe x2 (Chrono Boost)  
  33  3:12  Probe x2 (Chrono Boost)  
  35  3:20  Gateway  
  35  3:23  Probe (Chrono Boost)  
  36  3:31  Warp Gate (Chrono Boost), Mothership Core (Chrono Boost)  
  38  3:35  Pylon  
  38  3:41  Adept  
  40  3:50  Probe  
  41  3:59  Stargate  
  41  4:00  Gateway  
  41  4:01  Probe  
  42  4:03  Pylon  
  42  4:07  Gateway  
  42  4:13  Robotics Facility  
  42  4:15  Probe  
  42  4:16  Probe  
  44  4:26  Probe  
  44  4:28  Probe  
  45  4:37  Probe  
  41  4:40  Probe  
  35  4:59  Photon Cannon  
  35  5:02  Photon Cannon  
  35  5:05  Photon Cannon  
  33  5:08  Pylon  
  33  5:11  Pylon  
  31  5:45  Stalker  
  33  5:53  Void Ray  
  37  6:29  Probe  
  37  6:32  Probe  
  38  6:36  Void Ray  
  43  6:41  Probe  
  43  6:42  Pylon  
  43  6:43  Pylon, Probe  
  45  6:50  Observer  
  45  6:53  Pylon, Probe x2  
  48  7:04  Probe  
  49  7:09  Stargate  
  49  7:13  Gateway  
  49  7:14  Probe  
  49  7:20  Assimilator  
  50  7:24  Assimilator  
  50  7:25  Probe  
  36  7:35  Probe  
  33  7:46  Probe  
  29  8:19  Pylon  
  29  8:23  Pylon  
  29  8:24  Pylon  
  29  8:40  Probe  
  28  8:47  Adept  
  29  8:51  Probe  
  30  9:02  Probe  
  30  9:04  Probe  
  32  9:12  Probe  
  32  9:16  Probe  
  34  9:23  Probe  
  34  9:25  Gateway  
  34  9:28  Probe  
  36  9:33  Probe  
  37  9:44  Probe  
  30  9:54  Probe  
  31  10:03  Adept x3  
  31  10:04  Adept  
  31  10:05  Probe  
Tags
 
Composition
Mass Adepts
Matchup
PvP
Replay Pack
All Mines
Spawn Locations
Close Positions
Add a new tag
Caveats
  • Supply blocks, unpowered buildings, or Contaminate may cause inaccurate times.
  • Supply counts are checked every 10 seconds.